 Dungeon Crawl Stone Soup version 0.19.5 (webtiles) character file.

146 uberloutre the Slinger (level 5, 0/35 HPs)
             Began as a Halfling Hunter on Mar 4, 2017.
             Slain by an iguana (3 damage)
             ... on level 3 of the Dungeon.
             The game lasted 00:08:17 (2280 turns).

uberloutre the Slinger (Halfling Hunter)            Turns: 2280, Time: 00:08:18

Health: 0/35       AC:  3    Str: 13    XL:     5   Next: 53%
Magic:  5/5        EV: 15    Int:  9    God:
Gold:   85         SH:  4    Dex: 16    Spells: 0 memorised, 4 levels left

rFire  + . .     SeeInvis .     b - +0 short sword
rCold  x . .     Gourm    .     c - +0 leather armour
rNeg   . . .     Faith    .     (shield restricted)
rPois  .         Spirit   .     (no helmet)
rElec  .         Reflect  +     (no cloak)
rCorr  .         Harm     .     (no gloves)
MR     .....                    (no boots)
Stlth  ++........               q - +4 amulet of reflection
                                (no ring)
                                l - ring of fire

@: no status effects
A: mutation resistance 1
a: no special abilities


You were on level 3 of the Dungeon.
You were not hungry.

You visited 1 branch of the dungeon, and saw 3 of its levels.

You collected 85 gold pieces.

Inventory:

Hand Weapons
 a - a +1 hunting sling
 b - a +0 short sword (weapon)
Missiles
 h - 25 stones (quivered)
Armour
 c - a +0 leather armour (worn)
Jewellery
 l - a ring of fire (left hand)
 p - an uncursed ring of stealth {unknown}
 q - a +4 amulet of reflection (around neck)
 r - an uncursed amulet of the gourmand {unknown}
Scrolls
 e - 2 scrolls of enchant armour {unknown}
 j - 2 scrolls of identify
 o - a scroll of magic mapping {unknown}
 s - 3 scrolls of remove curse {unknown}
 u - a scroll of random uselessness {unknown}
Potions
 d - a potion of lignification {unknown}
 g - a potion of agility {unknown}
 k - a potion of beneficial mutation {unknown}
 m - 3 potions of curing {unknown}
 n - a potion of haste {unknown}
Comestibles
 f - 2 bread rations
 i - 3 royal jellies
 t - a meat ration
 v - 2 chunks of flesh


   Skills:
 + Level 2.6 Fighting
 + Level 8.4 Slings
 + Level 0.2 Armour
 + Level 2.4 Dodging
 + Level 1.3 Stealth


You had 4 spell levels left.
You didn't know any spells.

Dungeon Overview and Level Annotations

Branches:
Dungeon (3/15)

Altars:


Innate Abilities, Weirdness & Mutations

You are small and have problems with some larger weapons.
You are somewhat resistant to further mutation.


Message History

You hit the iguana.
The iguana is severely wounded.
The iguana closely misses you. x2
You hit the iguana but do no damage.
The iguana is severely wounded.
The iguana bites you!
* * * LOW HITPOINT WARNING * * *
You hit the iguana.
The iguana is almost dead.
The iguana bites you but does no damage.
You barely miss the iguana.
The iguana is almost dead.
The iguana misses you.
You hit the iguana but do no damage.
The iguana is almost dead.
The iguana misses you.
You hit the iguana but do no damage.
The iguana is almost dead.
The iguana bites you.
You die...

#.†........##### ##.##
##[####...#.#######...####
....................#...)#
###.####...#.#######...##..
#. ##.##.# ##.##### #.
#..#.# #.# #. ##.#.# #.# #.
#.#.# #.# #@# #.. #l# #((l#
(((.... ###.##### #. #


You could see an iguana and a frilled lizard.

Vanquished Creatures
  An orc wizard (D:3)
  6 adders
  2 dart slugs (D:1)
  A leopard gecko (D:1)
  4 orcs (D:3)
  2 ball pythons
  A giant cockroach (D:3)
  3 goblins
  10 hobgoblins
  6 jackals (D:2)
  9 kobolds
  A quokka (D:2)
  5 bats
  3 frilled lizards
  5 rats
59 creatures vanquished.

Notes
Turn   | Place    | Note
-------+----------+-------------------------------------------
     0 | D:1      | uberloutre the Halfling Hunter began the quest for the Orb.
     0 | D:1      | Reached XP level 1. HP: 14/14 MP: 1/1
    55 | D:1      | Reached skill level 6 in Slings
    86 | D:1      | Reached XP level 2. HP: 19/19 MP: 2/2
   499 | D:1      | Reached XP level 3. HP: 24/24 MP: 3/3
   696 | D:1      | Reached skill level 7 in Slings
   946 | D:2      | Found a faded altar of an unknown god.
  1162 | D:2      | Reached XP level 4. HP: 21/29 MP: 4/4
  1723 | D:2      | Reached skill level 8 in Slings
  1934 | D:2      | Reached XP level 5. HP: 35/35 MP: 5/5
  2280 | D:3      | Slain by an iguana

Skill      XL: |  1  2  3  4 |
---------------+-------------+-----
Slings         | 6 7 8 |  8.4
Fighting       | 2 |  2.6
Armour         | |  0.2
Dodging        | |  2.4
Stealth        | |  1.3

Action                   |  1- 3 |  4- 6 || total
-------------------------+-------+-------++-------
Melee: Short sword       |       |     9 ||     9
 Fire: Hunting sling     |    88 |    93 ||   181
  Use: Scroll            |       |     2 ||     2
  Eat: Chunk             |       |     4 ||     4
Armor: Leather armour    |     2 |     5 ||     7
Dodge: Dodged            |    18 |    33 ||    51
Block: Other             |       |     2 ||     2
